 Dungeon Crawl Stone Soup version 0.30.1-4-g462c640d31 (webtiles) character file.

Game seed: 4248834232850573178

71 Diggabert the Cudgeller (level 4, -1/51 HPs)
             Began as a Human Gladiator on Aug 11, 2023.
             Succumbed to a kobold's poison
             ... on level 2 of the Dungeon.
             The game lasted 00:02:54 (1531 turns).

Diggabert the Cudgeller (Human Gladiator)           Turns: 1531, Time: 00:02:55

Health: -1/51      AC: 22    Str: 16    XL:     4   Next: 47%
Magic:  4/4        EV:  2    Int:  8    God:
Gold:   86         SH:  0    Dex: 15    Spells: 3/3 levels left

rFire   . . .        a - +0 flail
rCold   . . .        (no shield)
rNeg    . . .        g - melded +0 plate armour
rPois   +            c - melded +0 helmet
rElec   .            (cloak currently unavailable)
rCorr   .            (gloves currently unavailable)
SInv    .            (boots currently unavailable)
Will    .....        (no amulet)
Stlth   +            (no ring)
HPRegen 0.28/turn    (no ring)
MPRegen 0.09/turn

%: no passive effects
@: lethally poisoned (-1 -> -6), tree-form
A: stationary, stasis, torment immunity, boosted hp
a: no special abilities


You were on level 2 of the Dungeon.
You were a tree.
You visited 1 branch of the dungeon, and saw 2 of its levels.

You collected 86 gold pieces.

Inventory:

Hand Weapons
 a - a +0 flail (weapon)
 m - a +0 trident
Missiles
 d - 3 throwing nets (quivered)
 e - a javelin
Armour
 c - a +0 helmet (melded)
 g - a +0 plate armour (melded)
Jewellery
 j - a ring of fire
Scrolls
 b - 6 scrolls of identify
 h - a scroll of poison {unknown}
 i - a scroll of fog {unknown}
 l - a scroll of amnesia {unknown}
 n - a scroll of noise {unknown}
Potions
 f - 2 potions of cancellation
 o - a potion of degeneration {unknown}
 p - a potion of flight {unknown}


   Skills:
 * Level 2.5 Fighting
 * Level 3.8 Maces & Flails
 - Level 2.0 Throwing
 * Level 1.3 Armour
 * Level 3.6 Dodging


You had 3 spell levels left.
You didn't know any spells.
Your spell library was empty.

Dungeon Overview and Level Annotations

Branches:
Dungeon (2/15)

Altars:
Dithmenos

Shops:
D:1 *


Message History

The kobold hits you but does no damage.
You are poisoned.
You hit the kobold.
The kobold is severely wounded.
You feel very sick.
The kobold hits you but does no damage. x2
You are more poisoned.
You closely miss the kobold.
The kobold is severely wounded.
You feel very sick. The kobold hits you but does no damage.
You are more poisoned.
You hit the kobold but do no damage.
The kobold is severely wounded.
You feel very sick.
The kobold hits you with a +2 dagger of venom.
You are lethally poisoned!
You thump the kobold!
You kill the kobold!
You feel extremely sick.
You are too injured to fight recklessly!
You are too injured to fight recklessly!
You hit the frilled lizard.
You kill the frilled lizard!
* * * LOW HITPOINT WARNING * * *
You feel very sick.
You turn into a tree.
Your +0 helmet melds into your body.
Your +0 plate armour melds into your body.
Your roots penetrate the ground.
* * * LOW HITPOINT WARNING * * *
You feel very sick.
* * * LOW HITPOINT WARNING * * *
You feel very sick.
* * * LOW HITPOINT WARNING * * *
You feel sick.
* * * LOW HITPOINT WARNING * * *
You feel sick.
* * * LOW HITPOINT WARNING * * *
You feel sick.
You die...

##### #.###### ....#
..##..)♣..# ###.#
..#######.#
..#.......######
##########.#.##...........
.........#.#..#.##.######.
########.#.#.....#.#
########.#.#.....#.#
.................#.#
########.###.....#.#


There were no monsters in sight!

Vanquished Creatures
  A gnoll (D:1)
  3 dart slugs
  5 orcs (D:2)
  3 ball pythons (D:1)
  6 bats
  4 endoplasms
  A giant cockroach (D:1)
  3 goblins
  3 hobgoblins (D:1)
  4 jackals (D:2)
  5 kobolds
  4 frilled lizards (D:2)
  8 rats
50 creatures vanquished.

Notes
Turn   | Place    | Note
-------+----------+-------------------------------------------
     0 | D:1      | Diggabert the Human Gladiator began the quest for the Orb.
     0 | D:1      | Reached XP level 1. HP: 16/16 MP: 1/1
    49 | D:1      | Found Gatuepp's Assorted Antiques.
   105 | D:1      | Reached XP level 2. HP: 22/22 MP: 2/2
   193 | D:1      | Reached XP level 3. HP: 27/27 MP: 3/3
   774 | D:2      | Reached skill level 1 in Armour
   922 | D:2      | Reached XP level 4. HP: 31/34 MP: 4/4
  1364 | D:2      | Found a shadowy altar of Dithmenos.
  1529 | D:2      | HP: 1/51 [poisoned by a kobold]
  1531 | D:2      | Succumbed to a kobold's poison

Illustrated notes

Levels and vault maps discovered:
D:1:      dpeg_arrival_leaves_temple_mockup, layout_rooms, serial_shops, shop,
          minivault_14
D:2:      layout_basic, basic_altar, serial_curves, eino_curves_03,
          eino_curves_02

Skill      XL: |  1  2  3 |
---------------+----------+-----
Armour         | 1 |  1.3
Fighting       | |  2.5
Maces & Flails | |  3.8
Throwing       | |  2.0
Dodging        | |  3.6

Action                     |  1- 3 |  4- 6 || total
---------------------------+-------+-------++-------
  Melee: Flail             |   110 |    48 ||   158
         Punch             |     1 |     1 ||     2
    Use: Scroll            |     2 |       ||     2
         Potion            |       |     1 ||     1
 Armour: Leather armour    |     2 |       ||     2
         Scale mail        |     9 |       ||     9
         Ring mail         |     1 |       ||     1
         Plate armour      |   111 |    32 ||   143
  Dodge: Dodged            |    47 |    12 ||    59
